Map: Frozen Temple

Players

ShoWTimE - Winner!

  • Race: Protoss Protoss

Dear

  • Race: Protoss Protoss

Event: 2016 WCS Global Finals

VOD

Have the link to the VOD?

Description

Time

  • Played on: Oct. 28, 2016, 11:18 a.m.
  • Length: 11:08

All games in this series

Show
View Real Time Build Order
Export as new Build Order

ShoWTimE Protoss - Winner!

Build Orders:  

Get SALT Encoding   

  12  0:00  Probe (Chrono Boost)  
  13  0:11  Probe (Chrono Boost)  
  14  0:17  Pylon  
  14  0:22  Probe (Chrono Boost)  
  15  0:36  Probe (Chrono Boost)  
  15  0:37  Gateway  
  16  0:42  Assimilator  
  16  0:46  Probe (Chrono Boost)  
  17  0:52  Assimilator  
  18  0:57  Probe (Chrono Boost)  
  18  1:04  Gateway  
  18  1:07  Probe (Chrono Boost)  
  19  1:18  Probe (Chrono Boost)  
  20  1:24  Cybernetics Core  
  20  1:28  Probe (Chrono Boost)  
  20  1:32  Pylon  
  21  1:39  Probe (Chrono Boost)  
  22  1:50  Probe (Chrono Boost), Warp Gate  
  23  1:58  Adept x2  
  29  2:03  Mothership Core (Chrono Boost)  
  29  2:06  Pylon  
  29  2:25  Adept  
  29  2:26  Adept  
  33  2:48  Nexus  
  33  2:54  Probe (Chrono Boost)  
  35  3:06  Robotics Facility, Probe (Chrono Boost)  
  35  3:16  Sentry  
  35  3:18  Pylon, Probe (Chrono Boost)  
  36  3:30  Probe (Chrono Boost)  
  37  3:37  Twilight Council  
  38  3:42  Probe (Chrono Boost)  
  38  3:49  Warp Prism  
  38  3:54  Probe (Chrono Boost)  
  41  3:57  Sentry  
  41  4:00  Probe (Chrono Boost), Blink  
  44  4:06  Probe (Chrono Boost)  
  45  4:12  Probe (Chrono Boost)  
  47  4:18  Probe (Chrono Boost)  
  47  4:21  Immortal  
  47  4:24  Probe (Chrono Boost)  
  48  4:31  Probe (Chrono Boost)  
  53  4:34  Pylon  
  53  4:36  Probe (Chrono Boost)  
  54  4:43  Stalker, Probe (Chrono Boost)  
  57  4:48  Probe (Chrono Boost)  
  57  4:49  Gateway  
  58  4:55  Probe (Chrono Boost)  
  58  4:57  Observer  
  60  5:00  Probe (Chrono Boost)  
  60  5:07  Probe (Chrono Boost)  
  60  5:11  Assimilator  
  60  5:12  Probe (Chrono Boost)  
  60  5:13  Immortal, Assimilator  
  61  5:19  Probe (Chrono Boost)  
  66  5:24  Probe (Chrono Boost)  
  67  5:29  Gateway  
  67  5:31  Pylon  
  67  5:32  Gateway  
  67  5:41  Stalker  
  69  5:47  Immortal  
  69  5:48  Pylon  
  69  5:50  Adept  
  75  5:58  Gateway  
  75  6:00  Adept  
  75  6:02  Pylon  
  75  6:07  Adept  
  75  6:12  Sentry  
  77  6:21  Pylon  
  77  6:24  Observer  
  79  6:33  Probe (Chrono Boost)  
  79  6:39  Pylon  
  79  6:41  Stalker x3  
  79  6:42  Stalker x2  
  90  6:55  Probe x2 (Chrono Boost)  
  90  7:09  Nexus  
  90  7:10  Observer  
  90  7:12  Pylon  
  91  7:21  Pylon  
  93  7:23  Resonating Glaives, Probe x2 (Chrono Boost)  
  93  7:25  Robotics Bay  
  93  7:28  Stalker  
  93  7:29  Stalker x3  
  101  7:34  Adept x2  
  103  7:53  Adept x2  
  103  7:54  Adept x2  
  103  7:55  Adept  
  103  7:57  Adept  
  115  8:11  Pylon  
  115  8:12  Pylon x2  
  115  8:15  Pylon  
  115  8:16  Pylon  
  115  8:25  Disruptor  
  113  8:31  Adept x4  
  118  8:41  Adept x2  
  122  8:47  Pylon  
  106  8:56  Adept x4, Disruptor  
  106  9:02  Adept, Pylon  
  115  9:11  Adept  
  105  9:17  Adept x2, Sentry x2  
  97  9:28  Disruptor  
  85  9:33  Adept x2  
  84  9:42  Adept x3  
  80  9:47  Mothership Core (Chrono Boost)  
  80  9:48  Adept  
  74  9:55  Adept  
  74  9:56  Adept  
  73  10:08  Adept  
  69  10:17  Adept  
  65  10:35  Adept x2  
  67  10:40  Adept  
  71  10:45  Adept  
  71  10:49  Adept  
  75  10:54  Adept  
  77  11:02  Adept x3  
Show
View Real Time Build Order
Export as new Build Order

Dear Protoss 

Build Orders:  

Get SALT Encoding   

  12  0:00  Probe (Chrono Boost)  
  13  0:11  Probe (Chrono Boost)  
  14  0:17  Pylon  
  14  0:22  Probe (Chrono Boost)  
  15  0:35  Probe (Chrono Boost)  
  16  0:38  Gateway  
  16  0:42  Assimilator  
  16  0:46  Probe (Chrono Boost)  
  17  0:51  Assimilator  
  17  0:56  Probe (Chrono Boost)  
  18  1:07  Probe (Chrono Boost)  
  18  1:08  Gateway  
  19  1:17  Probe (Chrono Boost)  
  20  1:25  Cybernetics Core  
  20  1:28  Probe (Chrono Boost)  
  20  1:31  Pylon  
  21  1:38  Probe (Chrono Boost)  
  22  1:46  Warp Gate  
  22  1:49  Probe (Chrono Boost)  
  23  2:00  Adept  
  23  2:01  Adept  
  27  2:05  Mothership Core (Chrono Boost)  
  29  2:08  Pylon  
  29  2:27  Stalker  
  29  2:28  Stalker  
  33  2:50  Nexus  
  33  3:02  Robotics Facility  
  33  3:08  Probe (Chrono Boost)  
  33  3:11  Sentry  
  33  3:12  Sentry  
  38  3:18  Pylon  
  38  3:24  Probe (Chrono Boost)  
  35  3:36  Probe (Chrono Boost)  
  36  3:45  Immortal  
  36  3:48  Probe (Chrono Boost)  
  37  3:49  Sentry  
  43  3:57  Gateway  
  43  4:02  Probe x2 (Chrono Boost)  
  45  4:14  Probe (Chrono Boost)  
  45  4:16  Probe (Chrono Boost)  
  47  4:20  Adept x2  
  51  4:24  Warp Prism  
  53  4:33  Probe (Chrono Boost)  
  53  4:35  Probe (Chrono Boost)  
  55  4:41  Pylon  
  55  4:44  Probe (Chrono Boost)  
  56  4:47  Probe (Chrono Boost)  
  57  4:55  Probe (Chrono Boost)  
  59  5:00  Probe (Chrono Boost)  
  59  5:01  Observer  
  59  5:02  Adept x3  
  64  5:12  Probe (Chrono Boost)  
  64  5:13  Probe (Chrono Boost)  
  63  5:23  Stalker x3  
  63  5:25  Pylon  
  63  5:27  Probe (Chrono Boost)  
  70  5:29  Assimilator  
  70  5:33  Twilight Council  
  69  5:46  Probe (Chrono Boost)  
  69  5:47  Probe (Chrono Boost)  
  71  5:56  Adept x2, Sentry  
  76  5:57  Probe (Chrono Boost)  
  76  6:00  Pylon, Probe (Chrono Boost)  
  77  6:07  Immortal, Resonating Glaives  
  73  6:24  Gateway  
  73  6:25  Gateway  
  73  6:27  Gateway  
  73  6:28  Gateway  
  73  6:33  Adept x3  
  73  6:38  Pylon  
  83  6:48  Warp Prism  
  81  6:59  Adept x3  
  85  7:02  Pylon  
  85  7:04  Pylon  
  81  7:25  Adept x7  
  95  7:47  Adept x6  
  95  7:48  Adept  
  108  7:54  Pylon  
  108  7:56  Pylon  
  107  8:16  Adept x7  
  119  8:22  Pylon  
  103  8:37  Adept x5  
  111  8:42  Adept  
  111  8:43  Sentry  
  105  8:58  Adept x2, Sentry x2  
  107  9:10  Adept x2  
  107  9:11  Adept  
  88  9:26  Adept x4  
  82  9:38  Adept x3  
  62  9:48  Adept x3  
  60  10:03  Adept x3  
  58  10:11  Adept x2  
  54  10:19  Adept x2  
  58  10:25  Adept x2  
  62  10:29  Adept  
  58  10:36  Adept x2  
  62  10:48  Adept x3  
Tags
 
Add a new tag
Caveats
  • Supply blocks, unpowered buildings, or Contaminate may cause inaccurate times.
  • Supply counts are checked every 10 seconds.